Map: Hardwire LE

Players

TIME (Oliveira)

  • Race: Terran Terran

ShoWTimE - Winner!

  • Race: Protoss Protoss
  • League: Grandmaster

Event: DreamHack SC2 Masters Last Chance 2022

VOD

Have the link to the VOD?

Description

Time

  • Played on: Dec. 17, 2021, 2:29 p.m.
  • Length: 13:47

All games in this series

Show
View Real Time Build Order
Export as new Build Order

TIME Terran 

Build Orders: Reaper Expand 

Get SALT Encoding   

  12  0:00  SCV  
  13  0:12  SCV  
  14  0:17  Supply Depot  
  14  0:24  SCV  
  15  0:39  SCV  
  15  0:40  Barracks  
  16  0:44  Refinery  
  16  0:51  SCV  
  17  1:03  SCV  
  18  1:15  SCV  
  19  1:27  Reaper, Orbital Command  
  20  1:43  Command Center  
  20  1:57  SCV  
  20  1:58  Bunker  
  20  2:01  Reaper  
  22  2:07  Supply Depot  
  22  2:12  SCV  
  22  2:24  SCV  
  23  2:35  Barracks Reactor  
  23  2:36  Command Center  
  23  2:37  SCV  
  24  2:49  SCV  
  24  2:50  Barracks  
  25  2:56  Orbital Command  
  25  3:02  SCV  
  26  3:09  Engineering Bay  
  26  3:11  Marine x2  
  28  3:14  SCV  
  29  3:21  Barracks  
  29  3:23  SCV  
  30  3:28  SCV, Marine  
  30  3:29  Marine  
  33  3:35  Missile Turret, Terran Infantry Weapons Level 1  
  33  3:38  SCV  
  33  3:40  Barracks Tech Lab  
  34  3:41  SCV  
  34  3:47  Marine x2  
  37  3:52  Orbital Command  
  37  3:53  SCV  
  38  3:55  SCV  
  38  4:00  Stimpack, Marine  
  40  4:04  Marine  
  40  4:05  Marine  
  40  4:06  SCV  
  40  4:08  SCV  
  44  4:10  Barracks Tech Lab  
  44  4:17  SCV, Refinery  
  44  4:18  SCV, Marine  
  44  4:21  SCV  
  44  4:22  Marine  
  44  4:23  Marine  
  50  4:28  Supply Depot  
  50  4:29  SCV, Combat Shield, Marine  
  52  4:31  SCV  
  52  4:34  SCV  
  52  4:36  Marauder  
  50  4:47  Marine  
  50  4:51  Marine x2  
  47  4:55  SCV x3  
  47  4:57  Marine  
  47  5:05  Marine  
  46  5:07  SCV x3  
  46  5:09  Marine x2  
  46  5:12  Factory  
  46  5:14  Refinery  
  51  5:15  Marine  
  51  5:19  SCV x3  
  55  5:23  Marine, Barracks  
  55  5:26  Barracks  
  55  5:27  Supply Depot, Marine  
  57  5:31  SCV x2  
  57  5:33  Missile Turret  
  57  5:35  Marauder, Orbital Command  
  61  5:39  Marauder  
  61  5:40  Terran Infantry Armor Level 1  
  63  5:43  SCV, Marine  
  63  5:44  SCV, Refinery  
  66  5:50  Supply Depot  
  66  5:51  Marine  
  66  5:55  SCV  
  68  5:57  Factory Reactor  
  68  5:59  SCV  
  68  6:00  SCV  
  68  6:02  Marauder, Marine  
  68  6:03  Marine  
  72  6:07  SCV  
  72  6:10  Starport  
  73  6:11  SCV  
  73  6:13  Supply Depot, SCV  
  73  6:14  Supply Depot  
  73  6:15  Barracks Reactor  
  75  6:19  Marine  
  75  6:20  SCV, Marine  
  75  6:22  Missile Turret  
  75  6:24  Barracks Tech Lab, SCV  
  75  6:25  SCV  
  80  6:27  Marine  
  80  6:29  Marauder  
  80  6:31  Ghost Academy  
  80  6:32  SCV  
  84  6:35  Supply Depot  
  84  6:36  SCV  
  84  6:39  SCV  
  86  6:44  Marauder, SCV, Marine x2  
  91  6:47  Factory Reactor  
  91  6:48  SCV  
  91  6:51  Marine x2  
  91  6:52  SCV, Medivac x2  
  99  6:56  SCV  
  99  6:57  Supply Depot  
  99  6:58  Supply Depot  
  99  7:01  Ghost x2  
  99  7:04  SCV  
  99  7:06  Ghost  
  99  7:08  SCV  
  107  7:10  Refinery  
  107  7:11  Marine x2  
  107  7:12  Refinery  
  109  7:17  Marine x2  
  109  7:21  SCV  
  109  7:22  SCV  
  110  7:23  Supply Depot  
  110  7:26  Viking  
  110  7:27  Viking  
  110  7:28  SCV  
  114  7:33  SCV  
  114  7:35  Marauder x2  
  114  7:36  SCV  
  118  7:37  Marine x2  
  118  7:42  Marauder  
  118  7:44  SCV, Marine  
  122  7:48  Supply Depot, Marine  
  122  7:50  Command Center  
  125  7:54  Armory  
  125  7:55  Engineering Bay  
  129  7:59  Viking x2  
  129  8:01  Marauder  
  129  8:04  Marauder  
  133  8:06  Supply Depot  
  133  8:07  Supply Depot  
  133  8:15  Marauder  
  133  8:16  SCV  
  133  8:18  Marine x3  
  133  8:19  SCV  
  140  8:21  Starport  
  140  8:24  SCV  
  141  8:29  Marauder x2  
  141  8:31  Bunker  
  141  8:33  Viking  
  141  8:34  Viking  
  149  8:35  Marine  
  149  8:37  SCV x2, Factory Reactor  
  149  8:38  SCV  
  153  8:41  Terran Infantry Weapons Level 2  
  153  8:44  Terran Infantry Armor Level 2  
  153  8:47  Missile Turret  
  153  8:49  Terran Ship Weapons Level 1  
  153  8:50  Marauder  
  153  8:53  SCV  
  156  8:55  Marine  
  156  9:01  Marine x2  
  156  9:02  Marauder x2  
  163  9:03  Supply Depot  
  163  9:04  Viking x2  
  163  9:07  Planetary Fortress  
  167  9:13  SCV, Enhanced Shockwaves  
  167  9:15  Supply Depot x2  
  167  9:16  Marauder  
  170  9:20  Medivac  
  170  9:22  Refinery x2  
  172  9:24  Supply Depot  
  172  9:26  SCV x2  
  172  9:27  Medivac  
  172  9:29  Marauder x2  
  180  9:33  Supply Depot x2  
  180  9:36  Marine  
  180  9:37  Marine x2  
  183  9:43  Marauder  
  185  9:47  Barracks  
  185  9:50  Barracks  
  185  9:51  Barracks  
  185  9:53  Missile Turret x2  
  185  9:55  Ghost  
  185  9:56  Marauder  
  189  10:02  Marine x2  
  189  10:04  Marine  
  189  10:05  Marauder  
  194  10:10  Concussive Shells  
  194  10:13  Liberator x2  
  198  10:23  Marine  
  198  10:27  Command Center x2  
  199  10:30  Sensor Tower  
  199  10:31  Fusion Core  
  199  10:32  Sensor Tower  
  194  10:43  SCV x2  
  194  10:46  SCV  
  187  10:59  Barracks Reactor, Barracks Tech Lab x2, Marine  
  187  11:00  SCV  
  187  11:03  SCV  
  190  11:06  Missile Turret  
  190  11:11  Terran Ship Weapons Level 2  
  190  11:21  SCV  
  187  11:26  SCV  
  187  11:29  Advanced Ballistics  
  181  11:33  Command Center  
  181  11:35  Liberator x3  
  181  11:37  Command Center  
  181  11:39  Liberator  
  189  11:44  Missile Turret  
  189  11:45  Missile Turret  
  190  11:54  Missile Turret  
  190  11:57  Widow Mine x2  
  194  12:05  Sensor Tower  
  183  12:18  Liberator  
  148  12:33  Marine x3  
  148  12:34  Marauder  
  148  12:35  Liberator  
  148  12:36  Liberator  
  146  12:40  Liberator  
  146  12:42  SCV x2  
  151  12:47  Marauder x2  
  155  12:54  SCV x2  
  155  12:57  Orbital Command  
  156  13:01  Medivac  
  156  13:04  Marauder x2  
  152  13:15  SCV  
  152  13:17  SCV  
  153  13:24  Refinery  
  153  13:27  SCV  
  153  13:29  SCV x2  
  153  13:31  Sensor Tower  
Show
View Real Time Build Order
Export as new Build Order

ShoWTimE Protoss - Winner!

Build Orders: 1 Gate Expand, Oracle Opening 

Get SALT Encoding   

  12  0:00  Probe  
  13  0:12  Probe  
  14  0:17  Pylon  
  14  0:24  Probe (Chrono Boost)  
  16  0:36  Gateway, Probe (Chrono Boost)  
  16  0:43  Probe (Chrono Boost)  
  16  0:46  Assimilator  
  17  0:50  Probe  
  18  1:03  Probe  
  19  1:15  Probe  
  20  1:22  Nexus  
  20  1:31  Cybernetics Core  
  20  1:34  Probe  
  21  1:40  Assimilator  
  21  1:46  Probe  
  22  1:50  Pylon  
  22  1:58  Probe  
  23  2:05  Adept (Chrono Boost)  
  25  2:11  Probe  
  26  2:22  Stargate  
  26  2:23  Probe  
  26  2:26  Adept (Chrono Boost)  
  29  2:31  Warp Gate  
  29  2:35  Probe (Chrono Boost)  
  31  2:40  Probe (Chrono Boost)  
  32  2:45  Probe (Chrono Boost)  
  32  2:49  Probe (Chrono Boost)  
  32  2:50  Adept, Probe (Chrono Boost)  
  36  2:59  Probe  
  36  3:01  Probe  
  36  3:02  Oracle (Chrono Boost)  
  41  3:11  Probe, Pylon  
  42  3:13  Probe  
  43  3:20  Adept  
  43  3:23  Probe  
  46  3:29  Probe  
  46  3:33  Oracle (Chrono Boost)  
  47  3:35  Probe  
  47  3:36  Gateway  
  51  3:42  Probe, Pylon  
  51  3:47  Probe  
  53  3:55  Probe  
  54  4:02  Probe  
  55  4:03  Nexus  
  55  4:07  Probe  
  56  4:11  Pylon  
  56  4:14  Probe  
  57  4:18  Assimilator  
  57  4:19  Probe  
  57  4:20  Assimilator, Pylon  
  58  4:26  Probe  
  58  4:29  Robotics Facility  
  58  4:31  Probe  
  60  4:35  Forge  
  60  4:38  Probe  
  61  4:43  Probe  
  57  4:50  Probe  
  54  4:55  Probe  
  54  4:59  Twilight Council  
  55  5:04  Probe (Chrono Boost)  
  56  5:07  Probe (Chrono Boost)  
  56  5:10  Gateway  
  56  5:11  Protoss Ground Weapons Level 1 (Chrono Boost)  
  56  5:12  Gateway, Sentry x2  
  61  5:17  Observer  
  61  5:18  Probe (Chrono Boost)  
  61  5:20  Robotics Bay, Probe (Chrono Boost)  
  65  5:22  Probe (Chrono Boost)  
  65  5:23  Shield Battery  
  65  5:25  Blink (Chrono Boost), Probe (Chrono Boost)  
  67  5:30  Probe (Chrono Boost)  
  67  5:32  Probe (Chrono Boost)  
  69  5:37  Gateway  
  69  5:38  Probe x2 (Chrono Boost)  
  69  5:39  Observer, Gateway  
  69  5:41  Probe (Chrono Boost)  
  69  5:42  Gateway  
  72  5:46  Assimilator, Probe (Chrono Boost)  
  74  5:50  Assimilator, Probe (Chrono Boost)  
  74  5:55  Probe x2 (Chrono Boost)  
  76  5:59  Probe (Chrono Boost)  
  76  6:01  Stalker x2, Probe  
  76  6:03  Probe  
  83  6:04  Pylon  
  83  6:07  Colossus (Chrono Boost)  
  83  6:09  Probe  
  83  6:10  Pylon  
  90  6:17  Pylon  
  90  6:19  Stalker  
  90  6:22  Pylon  
  92  6:28  Stalker x3  
  98  6:36  Forge  
  98  6:39  Stalker x3  
  104  6:41  Pylon  
  104  6:49  Nexus  
  104  6:53  Pylon  
  104  6:58  Colossus (Chrono Boost)  
  110  7:05  Pylon  
  110  7:06  Protoss Ground Armor Level 1 (Chrono Boost)  
  110  7:11  Probe x3, Charge (Chrono Boost)  
  113  7:20  Zealot x5  
  113  7:22  Protoss Ground Weapons Level 2 (Chrono Boost)  
  123  7:23  Probe x3  
  123  7:24  Shield Battery  
  123  7:26  Pylon  
  125  7:41  Zealot x6  
  137  7:45  Probe x2, Pylon  
  137  7:46  Probe  
  140  7:52  Colossus (Chrono Boost)  
  140  7:57  Probe  
  147  8:02  Photon Cannon  
  147  8:14  Robotics Facility  
  147  8:17  Assimilator  
  147  8:18  Stalker x5, Assimilator  
  157  8:22  Stalker x2  
  157  8:26  Gateway  
  161  8:35  Photon Cannon  
  161  8:37  Shield Battery  
  161  8:41  Disruptor (Chrono Boost)  
  161  8:51  Pylon  
  161  8:54  Dark Shrine  
  161  8:58  Pylon  
  164  9:07  Disruptor (Chrono Boost)  
  164  9:09  Pylon x2  
  167  9:10  Pylon  
  167  9:12  Gateway  
  167  9:13  Disruptor (Chrono Boost), Protoss Ground Armor Level 2 (Chrono Boost)  
  167  9:23  Photon Cannon  
  167  9:29  Gateway  
  167  9:30  Gateway  
  167  9:31  Gateway  
  167  9:33  Gateway, Disruptor (Chrono Boost)  
  167  9:35  Disruptor (Chrono Boost), Pylon  
  173  9:39  Nexus  
  173  9:40  Pylon  
  173  9:41  Protoss Ground Weapons Level 3 (Chrono Boost)  
  173  9:46  Photon Cannon  
  173  9:55  Probe  
  173  9:58  Disruptor, Shadow Stride (Chrono Boost)  
  177  10:03  Disruptor  
  180  10:20  Dark Templar x9  
  194  10:24  Dark Templar x2  
  184  10:59  Gateway  
  184  11:01  Gateway  
  184  11:05  Zealot x8  
  184  11:11  Gateway  
  198  11:12  Gateway  
  196  11:30  Pylon  
  196  11:44  Disruptor (Chrono Boost)  
  196  11:49  Gravitic Boosters  
  197  11:54  Nexus  
  197  11:55  Pylon  
  197  12:01  Pylon  
  197  12:02  Gateway  
  197  12:06  Gateway  
  197  12:10  Gateway  
  191  12:25  Disruptor x2 (Chrono Boost)  
  172  12:34  Zealot x6  
  172  12:35  Stalker x6, Zealot  
  186  12:39  Robotics Facility  
  186  12:42  Robotics Facility  
  174  12:46  Stalker x4  
  174  12:50  Disruptor x2 (Chrono Boost)  
  182  12:56  Photon Cannon  
  182  12:59  Photon Cannon  
  182  13:00  Shield Battery  
  182  13:04  Zealot x10  
  196  13:26  Observer (Chrono Boost)  
  199  13:32  Fleet Beacon  
  199  13:33  Stargate  
  195  13:34  Stargate  
  167  13:45  Zealot x5  

Tags
 
Add a new tag
Caveats
  • Supply blocks, unpowered buildings, or Contaminate may cause inaccurate times.
  • Supply counts are checked every 10 seconds.